 Dungeon Sprint DCSS version 0.31-a0-986-g5e6e4ef867 (webtiles) character file.

Game seed: 15365642905306807731

2907 rocky1 the Martial Artist (level 9, -9/67 HPs)
             Began as an Octopode Shapeshifter on Nov 14, 2023.
             Was an Initiate of Gozag.
             Mangled by an efreet
             ... wielding a +2 scimitar of flaming
              (15 damage)
             ... in the Dungeon (Sprint IX: "|||||||||||||||||||||||||||||").
             The game lasted 00:02:17 (702 turns).

rocky1 the Martial Artist (Octopode Shapeshifter)    Turns: 702, Time: 00:02:17

Health: -9/67      AC:  1    Str: 13    XL:     9   Next: 78%
Magic:  9/9        EV: 17    Int: 18    God:    Gozag
Gold:   369        SH:  0    Dex: 16    Spells: 8/8 levels left

rFire   . .          .
                       - Unarmed
rCold   . . .        (no shield)
rNeg    . . .        (helmet currently unavailable)
rPois   .            (no amulet)
rElec   .            l - +3 ring of intelligence
rCorr   .            m - +3 ring of intelligence
SInv    .            (no ring)
Will    .....        (no ring)
Stlth   ++++         (no ring)
HPRegen 0.31/turn    (no ring)
MPRegen 0.11/turn    (no ring)
                     (no ring)

%: no teleportation
@: beast-form, gold aura, hasted, invisible, very quick
A: beast (slay +4), almost no armour, amphibious, 8 rings, camouflage 1,
gelatinous body 1, (nimble swimmer 1), tentacles
a: Begin Untransformation, Renounce Religion, Potion Petition, Call Merchant,
Bribe Branch


You were in the Dungeon.
You worshipped Gozag.
Gozag was aware of your devotion.
You were a hulking beast.
You visited 1 branch You collected 765 gold pieces.
You paid 396 gold pieces to Gozag.

Inventory:

Jewellery
 l - a +3 ring of intelligence (left tentacle)
 m - a +3 ring of intelligence (right tentacle)
Talismans
 b - a beast talisman
 c - a flux talisman
Wands
 k - a wand of roots (10) (quivered)
Scrolls
 i - 2 scrolls of blinking
 j - 2 scrolls of amnesia
Potions
 d - 2 potions of curing
 g - 4 potions of magic


   Skills:
 * Level 8.4 Fighting
 + Level 8.6 Dodging
 + Level 5.5 Stealth
 + Level 14.0 Unarmed Combat
 + Level 11.8 Shapeshifting


You had 8 spell levels left.
You didn't know any spells.
Your spell library was empty.

Dungeon Overview and Level Annotations

Branches:
Dungeon (1/1)

Altars:
Cheibriados
Dithmenos
Elyvilon
Fedhas
Gozag
Hepliaklqana
Kikubaaqudgha
Makhleb
Nemelex Xobeh
Okawaru
Qazlal
Ru
Sif Muna
Trog
Uskayaw
Vehumet
Wu Jian
Xom
Yredelemnul
Zin
The Shining One
Jiyva
Lugonu


Innate Abilities, Weirdness & Mutations

You are a hulking beast.
Your limbs bulge with bestial killing power. (Slay +4)
You cannot wear most types of armour.
You are amphibious.
You can wear up to eight rings at the same time.
Your skin changes colour to match your surroundings (Stealth+).
Your rubbery body absorbs attacks. (AC +1, EV +1)
((You are camouflaged when in or above water. (Stealth+)))
You have tentacles for arms and can constrict up to eight enemies at once.


Message History

You kill the troll!
The efreet is no longer distracted by gold.
Your Stealth skill increases to level 5!
You bludgeon the vampire! You grab the vampire. You squeeze the vampire.
The vampire is heavily damaged.
You constrict the vampire.
The four-headed hydra roars!
You bludgeon the vampire!
The vampire is severely damaged.
You constrict the vampire, but do no damage.
The vampire draws life force from you!
The vampire is healed by the life force!
You bludgeon the vampire!
The vampire is severely damaged.
You constrict the vampire, but do no damage.
You bludgeon the vampire! You squeeze the vampire.
You destroy the vampire!
Your Unarmed Combat skill increases to level 14!
Unknown command.
You feel better.
The efreet is distracted by your dazzling golden aura.
You strike the helpless efreet from behind!
You bludgeon the efreet!
The efreet is no longer distracted by gold.
You squeeze the efreet, but do no damage.
The efreet is moderately wounded.
You feel better. The efreet gestures at you. The bolt of fire hits you!!
* * * LOW HITPOINT WARNING * * *
Unknown command.
You tentacle-slap the efreet.
The efreet is moderately wounded.
The four-headed hydra is engulfed in blazing flames.
Okay, then.
You tentacle-slap the efreet.
Your tentacle-slap misses the efreet.
The efreet is heavily wounded.
The efreet hits you with a +2 scimitar of flaming!
You die...
Your body crumbles into a pile of gold. ▓▓▓▓▓▓▓▓▓▓▓▓▓▓▓▓▓▓▓▓▓▓▓ +..°DRh'......)..[[[.). ▓▓▓▓▓▓▓▓▓▓▓▓▓▓▓▓▓▓▓▓▓▓▓

You could see a four-headed hydra (wandering, unable to see you) and an efreet (unable to see you).

Vanquished Creatures
  A two-headed ogre (D)
  2 ugly things (D)
  A gargoyle (D)
  2 trolls (D)
  A vampire (D)
  2 yaks (D)
  A wyvern (D)
  A water moccasin (D)
  A black bear (D)
  2 hounds (D)
  An iguana (D)
  An endoplasm (D)
  A goblin (D)
  A hobgoblin (D)
  A quokka (D)
  A bat (D)
20 creatures vanquished.

Notes
Turn   | Place    | Note
-------+----------+-------------------------------------------
     0 | D        | rocky1 the Octopode Shapeshifter began the quest for the
                  | Orb.
     0 | D        | Reached XP level 1. HP: 13/13 MP: 1/1
    36 | D        | Noticed a hound
    36 | D        | Noticed a hound
    36 | D        | Noticed a water moccasin
    36 | D        | Noticed an iguana
    36 | D        | Noticed a black bear
    40 | D        | Killed a black bear
    41 | D        | Reached skill level 6 in Unarmed Combat
    41 | D        | Reached XP level 2. HP: 18/18 MP: 2/2
    41 | D        | Reached XP level 3. HP: 23/23 MP: 3/3
    41 | D        | Reached XP level 4. HP: 28/28 MP: 4/4
    44 | D        | Reached XP level 5. HP: 33/33 MP: 5/5
    46 | D        | Killed a water moccasin
    47 | D        | Reached skill level 7 in Unarmed Combat
    47 | D        | Reached XP level 6. HP: 39/39 MP: 6/6
    49 | D        | Reached skill level 8 in Unarmed Combat
   199 | D        | Found a snail-covered altar of Cheibriados.
   199 | D        | Found a shadowy altar of Dithmenos.
   199 | D        | Found a white marble altar of Elyvilon.
   199 | D        | Found a blossoming altar of Fedhas.
   199 | D        | Found an opulent altar of Gozag.
   200 | D        | Found a hazy altar of Hepliaklqana.
   201 | D        | Found a viscous altar of Jiyva.
   202 | D        | Found an ancient bone altar of Kikubaaqudgha.
   203 | D        | Found a corrupted altar of Lugonu.
   204 | D        | Found a burning altar of Makhleb.
   205 | D        | Found a sparkling altar of Nemelex Xobeh.
   206 | D        | Found an iron altar of Okawaru.
   207 | D        | Found a stormy altar of Qazlal.
   208 | D        | Found a sacrificial altar of Ru.
   209 | D        | Found a shimmering blue altar of Sif Muna.
   210 | D        | Found a bloodstained altar of Trog.
   211 | D        | Found a hide-covered altar of Uskayaw.
   212 | D        | Found a radiant altar of Vehumet.
   219 | D        | Became a worshipper of Gozag Ym Sagoz the Greedy
   226 | D        | Found an ornate altar of the Wu Jian Council.
   227 | D        | Found a shimmering altar of Xom.
   228 | D        | Found a basalt altar of Yredelemnul.
   229 | D        | Found a glowing silver altar of Zin.
   230 | D        | Found a glowing golden altar of the Shining One.
   255 | D        | Noticed a wyvern
   255 | D        | Noticed a yak
   255 | D        | Noticed a gargoyle
   255 | D        | Noticed a two-headed ogre
   255 | D        | Noticed a yak
   255 | D        | Noticed a troll
   264 | D        | Killed a troll
   265 | D        | Reached skill level 5 in Dodging
   265 | D        | Reached skill level 1 in Stealth
   265 | D        | Reached skill level 9 in Unarmed Combat
   265 | D        | Reached XP level 7. HP: 22/47 MP: 7/7
   274 | D        | Killed a yak
   275 | D        | Reached skill level 10 in Unarmed Combat
   282 | D        | Killed a two-headed ogre
   283 | D        | Reached skill level 11 in Unarmed Combat
   283 | D        | Reached skill level 10 in Shapeshifting
   283 | D        | Reached XP level 8. HP: 36/57 MP: 8/8
   289 | D        | Killed a gargoyle
   290 | D        | Reached skill level 12 in Unarmed Combat
   293 | D        | Killed a yak
   299 | D        | Killed a wyvern
   300 | D        | Reached XP level 9. HP: 20/64 MP: 9/9
   672 | D        | Noticed a four-headed hydra
   672 | D        | Noticed an efreet
   672 | D        | Noticed a troll
   672 | D        | Noticed a purple ugly thing
   672 | D        | Noticed a white ugly thing
   679 | D        | Killed a white ugly thing
   680 | D        | Reached skill level 13 in Unarmed Combat
   687 | D        | Killed a purple ugly thing
   693 | D        | Killed a troll
   694 | D        | Reached skill level 5 in Stealth
   698 | D        | Reached skill level 14 in Unarmed Combat
   702 | D        | Mangled by an efreet

Illustrated notes

Levels and vault maps discovered:
D:        linesprint [early_d, line_temple, items_1, d_10, items_2, lair_1,
          lair_end, items_3, orc_1, orc_end, items_4, d_15, swamp_1, shoals_1,
          snake_1, spider_1, d_20, vaults_1, items_5, swamp_end, shoals_end,
          snake_end, spider_end, vaults_end, d_27, items_6, zot_1, zot_end,
          crypt_end, forest_end, elf_end, slime_end, tomb_end, abyss_end,
          pan_hell_end]

Skill      XL: |  1  2  3  4  5  6  7  8  9 |
---------------+----------------------------+-----
Dodging        | 3 4 5 7 8 |  8.6
Unarmed Combat | 6 7 9 11 12 14 | 14.0
Shapeshifting  | 6 8 9 10 11 | 11.8
Fighting       | 3 6 7 8 |  8.4
Stealth        | 1 2 5 |  5.5

Action                     |  1- 3 |  4- 6 |  7- 9 || total
---------------------------+-------+-------+-------++-------
  Melee: Unarmed           |    15 |    16 |    55 ||    86
         Tentacles         |     4 |     3 |    11 ||    18
         Constrict         |     4 |     2 |     3 ||     9
         Punch             |     2 |       |     7 ||     9
 Invoke: Potion Petition   |       |       |     1 ||     1
    Use: Potion            |       |     2 |     8 ||    10
   Stab: Invisible         |       |       |     4 ||     4
         Sleeping          |       |       |     1 ||     1
 Armour: Skin              |     5 |    22 |    22 ||    49
  Dodge: Dodged            |     7 |     3 |     8 ||    18

Table legend: (Time is in decaauts)
 A = Elapsed time spent in this place.
 B = Non-inter-level travel time spent in this place.
 C = Inter-level travel time spent in this place.
 D = Time resting spent in this place.
 E = Time spent auto-exploring this place.
 F = Levels seen in this place.
 G = Mean time per level.
                   A        B        C        D        E       F      G
               +--------+--------+--------+--------+--------+-----+--------+
         Total |    667 |    667 |      0 |    513 |      0 |   1 |  667.0 |
       Dungeon |    667 |    667 |      0 |    513 |      0 |   1 |  667.0 |
               +--------+--------+--------+--------+--------+-----+--------+

Top non-repeatable levels by time:
       D: 667 daAuts
